[Event "Late-Titled-Tuesday-Blitz-April-23-2024"]
[Site "Chess.com"]
[Date "2024.04.23"]
[Round "1"]
[White "jup1978"]
[Black "GMKrikor"]
[Result "1/2-1/2"]
[WhiteElo "2508"]
[BlackElo "2887"]
[TimeControl "180+1"]
[EndTime "14:08:17 PDT"]
[Termination "Game drawn by repetition"]

1. e4 c5 2. Nf3 Nc6 3. Bb5 Nf6 4. Bxc6 dxc6 5. d3 Bg4 6. Nbd2 Nd7 7. h3 Bh5 8. Nf1 e5 9. Ng3 Bg6 10. Bd2 f6 11. Qe2 Bd6 12. a3 Nf8 13. Nh4 Ne6 14. c3 Bf7 15. O-O g6 16. Nf3 O-O 17. Be3 Qd7 18. Rfd1 Qc7 19. Nf1 Rfe8 20. d4 exd4 21.
cxd4 cxd4 22. Nxd4 Nc5 23. f3 Rad8 24. b4 Nd7 25.
Rac1 Qb8 26. Qc2 Ne5 27. Nb3 Bc7 28. Rxd8 Rxd8 29. Rd1 Nc4 30. Bc1 Rxd1 31. Qxd1 Qe8 32. Ne3 Ne5 33. Nc5 b6 34. Nd3 Qd7 35. Nxe5 Qxd1+ 36. Nxd1 Bxe5 37. Kf2 Bb3 38. Ne3 Kf7 39. g3 Bd4 40.
Ke2 Be6 41. h4 h5 42. Kd3 Be5 43. f4 Bd6 44. Bb2 Be7 45. e5 f5 46. Nc4 Bd5 47. Nd6+ Ke6 48. Bd4 Bd8 49. Kc3 Kd7 50. Nf7 Be7 51.
Nd6 Bd8 52. Be3 Bc7 53. Bd4 a6 54. Be3 Bd8 55. Bd4 Bc7 56. Be3 a5 57. Bd4 axb4+ 58.
axb4 Bd8 59. Be3 Bc7 60. Bd4 Ke6 61. Be3 b5 62. Bc5 Bd8 63. Kd4 Bc7 64. Kc3 Bd8 65.
Kd4 Bc7 66. Kc3 1/2-1/2

[Event "Late-Titled-Tuesday-Blitz-April-23-2024"]
[Site "Chess.com"]
[Date "2024.04.23"]
[Round "1"]
[White "DamianoLew95"]
[Black "Nemsko"]
[Result "1-0"]
[WhiteElo "2741"]
[BlackElo "2434"]
[TimeControl "180+1"]
[EndTime "14:08:18 PDT"]
[Termination "DamianoLew95 won by resignation"]

1. e4 e5 2. Nf3 Nc6 3. Bb5 a6 4. Bxc6 dxc6 5. O-O Bg4 6. h3 h5 7. d3 Bd6 8. Re1 Be6 9. d4 f6 10. dxe5 fxe5 11. Ng5 Qf6 12. Qf3 Qxf3 13. Nxf3 O-O-O 14. Ng5 Re8 15. Nxe6 Rxe6 16. Bg5 Nf6 17. Bxf6 Rxf6 18. Nd2 Rhf8 19. Re2 Bc5 20. Rf1 g5 21. g3 g4 22.
h4 b5 23. Kg2 Rd8 24. f3 Rfd6 25. Nb3 gxf3+ 26. Rxf3 Bd4 27. c3 Bb6 28. Rf5 Rd1 29.
Rxh5 Rg1+ 30. Kf3 Rd3+ 31. Kg4 Rdxg3+ 32. Kf5 R3g2 33. Rxg2 Rxg2 34. Kxe5 Rxb2 35. Nd4 Kb7 36. a3 c5 37. Nf5 Rb3 38. Rg5 Rxc3 39. h5 Rh3 40. h6 c4 41. Rg3 Rh5 42. Kf6 Ba5 43.
Kg6 Rh2 44. h7 c3 45. Rg1 c2 46. Nh6 Rg2+ 47. Rxg2 c1=Q 48. h8=Q Qc6+ 49. Kf5 Bc3 50.
Qg8 Qf6+ 51. Kg4 Qxh6 52. Qd5+ Kb6 53. Rf2 Qg6+ 54. Kf3 Qf6+ 55. Ke2 Qh4 56. Rg2 Ka5 57. Qd3 Qh8 58. Ke3 c5 59. Ke2 Bd4 60. Rg3 Qe5 61.
Kf3 Qd5 62. Qd2+ b4 63. exd5 1-0

[Event "Late-Titled-Tuesday-Blitz-April-23-2024"]
[Site "Chess.com"]
[Date "2024.04.23"]
[Round "1"]
[White "albi1999"]
[Black "GAO"]
[Result "1-0"]
[WhiteElo "2643"]
[BlackElo "2334"]
[TimeControl "180+1"]
[EndTime "14:08:18 PDT"]
[Termination "albi1999 won by resignation"]

1. b3 e5 2. Bb2 Nc6 3. e3 Nf6 4.
Nf3 e4 5. Nd4 Nxd4 6. Bxd4 d5 7.
c4 Be7 8. Nc3 c6 9. cxd5 cxd5 10. d3 O-O 11. dxe4 dxe4 12. Be2 Re8 13. O-O a6 14.
Na4 Bf5 15. Nb6 Rb8 16. Rc1 Nd5 17. Nxd5 Qxd5 18. Bb6 Qe6 19. Qd4 Bf6 20. Qb4 Be7 21. Qa5 Rbc8 22. Bc4 Qg6 23. Bc7 Ba3 24. Rcd1 Bg4 25. Rd2 Bb4 26. Qxb4 Rxc7 27. Kh1 h5 28. h3 Bc8 29. a4 h4 30. Rfd1 Kh7 31. Qa5 Rce7 32.
Rd6 f6 33. Qd5 Re5 34. Qf7 Qxf7 35. Bxf7 R8e7 36. Bd5 Be6 37. a5 Bxd5 38. R1xd5 Kg6 39. b4 Kf5 40. Rd4 g5 41. Rb6 R5e6 42. Rdd6 Rxd6 43.
Rxd6 Rc7 44. Kh2 Rc4 45. Rb6 Rc7 46. g4+ Kg6 47. Kg2 Kf7 48. b5 axb5 49. Rxb5 Rd7 50. Rb4 Rd5 51. Rxb7+ Ke6 52. Ra7 Rd2 53. a6 Ra2 54.
Ra8 Kf7 55. Kf1 Kg7 56. Ke1 f5 57. gxf5 Kf6 58. a7 Ra1+ 59. Ke2 Ra2+ 60. Kf1 Kg7 61. f6+ Kh7 62. f7 Ra1+ 63. Kg2 Ra2 64. f8=Q Rxf2+ 65. Qxf2 1-0

[Event "Late-Titled-Tuesday-Blitz-April-23-2024"]
[Site "Chess.com"]
[Date "2024.04.23"]
[Round "1"]
[White "chessdjw"]
[Black "ImportedItalianMaple"]
[Result "1/2-1/2"]
[WhiteElo "2799"]
[BlackElo "2470"]
[TimeControl "180+1"]
[EndTime "14:08:22 PDT"]
[Termination "Game drawn by stalemate"]

1. d4 g6 2. c4 Bg7 3. e4 d6 4. Nc3 e5 5. Nf3 Nc6 6. dxe5 dxe5 7. Qxd8+ Nxd8 8. Be3 c6 9. h3 f6 10. O-O-O Be6 11. c5 Nf7 12. Nd2 O-O-O 13. Bc4 Bxc4 14. Nxc4 Bh6 15. Rxd8+ Kxd8 16. Rd1+ Kc7 17. Bxh6 Ngxh6 18. b4 Rd8 19. Rxd8 Kxd8 20. Kd2 Ng8 21. Ke3 Ne7 22. g3 Kd7 23. f4 Ke6 24. Ne2 g5 25.
fxe5 fxe5 26. Ng1 Nc8 27. Na5 Nd8 28. Nf3 h6 29. h4 g4 30. Nd2 b6 31. cxb6 axb6 32.
Nac4 Nb7 33. Kd3 b5 34. Ne3 h5 35. Nf5 Kf6 36. Nb3 Ne7 37. Na5 Nxf5 38. exf5 Nd6 39. Nxc6 Kxf5 40. Na7 Ke6 41. Nc6 Kd5 42. Ne7+ Ke6 43.
Ng6 Nf5 44. Nf8+ Ke7 45. Ng6+ Kf6 46. Nf8 Nxg3 47. Nd7+ Ke6 48. Nc5+ Kd5 49. a4 bxa4 50. Nxa4 e4+ 51. Ke3 Nf5+ 52. Kf4 Nxh4 53. Nc3+ Kd4 54. b5 Ng6+ 55. Kg5 Ne7 56. Ne2+ Kd3 57. Nf4+ Kc4 58. Kxh5 g3 59. Kg4 Kxb5 60. Kxg3 Kc4 61. Kf2 Nd5 62.
Nxd5 Kxd5 63. Ke3 Ke5 64. Ke2 Kd4 65. Kd2 Ke5 66. Ke3 Kd5 67. Ke2 Kd4 68. Kd2 Ke5 69. Ke3 Kf5 70. Ke2 Kf4 71. Kf2 e3+ 72. Ke2 Ke4 73. Ke1 Kd4 74. Ke2 Ke4 75. Ke1 Kd3 76. Kd1 e2+ 77. Ke1 Ke3 1/2-1/2

[Event "Late-Titled-Tuesday-Blitz-April-23-2024"]
[Site "Chess.com"]
[Date "2024.04.23"]
[Round "1"]
[White "Kostukov_Alex"]
[Black "xasid81"]
[Result "0-1"]
[WhiteElo "2360"]
[BlackElo "2671"]
[TimeControl "180+1"]
[EndTime "14:08:24 PDT"]
[Termination "xasid81 won on time"]

1. g3 d5 2. Bg2 c6 3. d3 Nf6 4.
e4 dxe4 5. dxe4 Qxd1+ 6. Kxd1 g6 7. f3 Bg7 8. c3 O-O 9. Be3 Rd8+ 10. Nd2 b6 11.
Kc2 Ba6 12. Bf1 Bxf1 13. Rxf1 Nbd7 14. Nh3 e6 15. Nf2 Ne5 16. Bd4 Ne8 17. f4 Nd7 18. Be3 Nd6 19. Rd1 Ne8 20. e5 Bf8 21. Nfe4 Be7 22.
Nc4 f5 23. Ned6 Nxd6 24. Nxd6 Nf8 25. Nc4 Kf7 26. a4 Nd7 27. b4 c5 28. b5 Nf8 29. a5 Nd7 30. Ra1 a6 31. Nxb6 Nxb6 32. axb6 axb5 33. Ra7 Rxa7 34. bxa7 Ra8 35. Ra1 Ke8 36.
Ra5 Kd7 37. Rxb5 Rxa7 38. Kb3 Kc6 39. Rb8 Ra1 40. Re8 Kd7 41. Rh8 Re1 42. Bd2 Re2 43. Bc1 Rxh2 44. Kc4 Rh3 45. Ba3 Kc6 46. Re8 Kd7 47.
Rh8 h5 48. Rh7 Ke8 49. Rh8+ Kf7 50. Rh7+ Kf8 51. Bxc5 Bxc5 52. Kxc5 Rxg3 53. Kd6 Kg8 54. Re7 h4 55. Kxe6 h3 56. Re8+ Kg7 57. Re7+ Kh6 58. Re8 Kh5 59. Kf7 Rxc3 60. e6 Kg4 61. Kxg6 h2 62. Rh8 Rh3 63. Rxh3 Kxh3 64. e7 h1=Q 65. e8=Q Qe4 66. Qf8 Kg4 67. Qf6 Qxf4 0-1

[Event "Late-Titled-Tuesday-Blitz-April-23-2024"]
[Site "Chess.com"]
[Date "2024.04.23"]
[Round "1"]
[White "Flaccidmoves"]
[Black "BlueWizzard"]
[Result "0-1"]
[WhiteElo "2453"]
[BlackElo "2797"]
[TimeControl "180+1"]
[EndTime "14:08:26 PDT"]
[Termination "BlueWizzard won on time"]

1. c4 e5 2. Nf3 Nc6 3. Nc3 g6 4.
d4 exd4 5. Nxd4 Bg7 6. Nxc6 bxc6 7. g3 Nf6 8. Bg2 O-O 9. O-O Qe7 10. Be3 Qb4 11. Qb3 a5 12. Bd4 Ba6 13. Qc2 Qxc4 14. Rfd1 Rad8 15. Rac1 Qe6 16. e3 Rb8 17. Na4 Bc8 18.
b3 Re8 19. Nc5 Qe7 20. Qc3 d6 21. Na4 c5 22. Bxf6 Bxf6 23. Qxa5 Bg4 24. Rd2 h5 25. Nc3 Be6 26. Nd5 Bxd5 27. Bxd5 h4 28. Qa4 Rb4 29.
Qc6 hxg3 30. hxg3 Rg4 31. Rcd1 Kg7 32. Bg2 Rh8 33. Qf3 Rb4 34. Qd5 Rh5 35. Qc6 Bc3 36.
Rd5 Rh8 37. R5d3 Bf6 38. Qf3 c4 39. bxc4 Rxc4 40. Rb3 Rc2 41. Rdb1 Rxa2 42. Rb7 Rc2 43. Rd1 Rh5 44. Qe4 Rc3 45. Qxe7 Bxe7 46. Ra1 Rhc5 47.
Raa7 Rc1+ 48. Kh2 R1c2 49. Kh3 Rxf2 50. Rxc7 Rxc7 51. Rxc7 Bg5 52. Bd5 Bxe3 53. Rd7 Bc5 54. Kg4 Rf5 55. Bc4 Kf8 56. Rb7 Bd4 57. Kh3 Be5 58.
g4 Rf4 59. Bd5 g5 60. Ra7 Kg7 61. Rb7 Kg6 62. Ra7 Rf2 63. Be4+ Kg7 64. Bg2 d5 65. Ra4 d4 66. Ra3 Rc2 67. Rd3 Kf6 68. Rf3+ Ke7 69. Rd3 Kd6 70. Rb3 Kc5 71. Rb8 Bxb8 0-1

[Event "Late-Titled-Tuesday-Blitz-April-23-2024"]
[Site "Chess.com"]
[Date "2024.04.23"]
[Round "1"]
[White "Giantgoogachess"]
[Black "Reality-Stone"]
[Result "1/2-1/2"]
[WhiteElo "2292"]
[BlackElo "2617"]
[TimeControl "180+1"]
[EndTime "14:08:26 PDT"]
[Termination "Game drawn by stalemate"]

1. d4 d6 2. e4 e5 3. Nf3 Nd7 4. Nc3 Ngf6 5. Bc4 Be7 6. O-O O-O 7. Re1 c6 8. a4 a6 9. a5 h6 10. h3 Re8 11. b3 Qc7 12. Bb2 Bf8 13. Qd2 exd4 14. Qxd4 Ne5 15. Be2 Be6 16. Na4 Rad8 17. c4 c5 18. Qe3 Nfd7 19. Nc3 Nc6 20. Qd2 Nde5 21. Nd5 Bxd5 22. exd5 Nb4 23. Bc3 Ng6 24.
Bxb4 cxb4 25. Qxb4 Nf4 26. Bf1 Qd7 27. Kh2 Qf5 28. Qd2 Nxh3 29. Qd4 Nf4 30. Kg1 g6 31. Qd2 Bg7 32. Rxe8+ Rxe8 33. Re1 Rxe1 34. Qxe1 h5 35. Qb4 Nh3+ 36. gxh3 Qxf3 37. Qxd6 Bd4 38. Qb8+ Kg7 39. Qh2 Qxb3 40. Qg2 Qa2 41. d6 Qxa5 42. Qxb7 Qg5+ 43. Qg2 Qf6 44. d7 Bb6 45. Kh1 Qd6 46. Qd5 Qxd5+ 47. cxd5 a5 48. Bb5 Kf6 49. Kg2 Ke5 50.
Bc6 h4 51. Kf3 f5 52. Kg2 g5 53. Kf3 Kd6 54. Ke2 Kc5 55. Kf3 Kb4 56. d6 a4 57.
Bd5 a3 58. Be6 f4 59. Kg4 Kc5 60. Kxg5 Kxd6 61. Ba2 Kxd7 62. Kxf4 Bxf2 63. Kg4 Kd6 64. Kf3 Bg3 65. Kg2 Kc5 66. Bg8 Kb4 67. Bf7 Kc3 68. Bg8 Kb2 69. Bf7 a2 70. Bxa2 Kxa2 71. Kh1 Kb3 72. Kg2 Kc4 73. Kh1 Kd5 74. Kg2 Ke5 75. Kh1 Kf5 76. Kg2 Bf4 77. Kh1 Kg5 78.
Kg2 Be5 79. Kh1 Kf4 80. Kg2 Ke4 81. Kh1 Kf3 82. Kg1 Kg3 83. Kh1 Kxh3 84. Kg1 Kg3 85.
Kh1 h3 86. Kg1 h2+ 87. Kh1 Kh3 1/2-1/2

[Event "Late-Titled-Tuesday-Blitz-April-23-2024"]
[Site "Chess.com"]
[Date "2024.04.23"]
[Round "1"]
[White "Andrei_Skvortsov"]
[Black "szachmistrz2500"]
[Result "0-1"]
[WhiteElo "2753"]
[BlackElo "2460"]
[TimeControl "180+1"]
[EndTime "14:08:30 PDT"]
[Termination "szachmistrz2500 won by resignation"]

1. e4 c5 2. d4 cxd4 3. Qxd4 Nc6 4. Qd3 d6 5. Nc3 g6 6. Nf3 Bg7 7. Be2 Nf6 8. O-O O-O 9. Nd5 Nxd5 10. exd5 Nb4 11. Qd1 a5 12. c3 Na6 13. a4 Nc5 14. Be3 Qc7 15. Re1 e5 16. dxe6 Bxe6 17. Nd4 Bd7 18. Bf3 Rad8 19. Bf4 Be5 20. Bg5 f6 21. Bh6 Rfe8 22. Bd5+ Kh8 23. Be3 Bc6 24. Bc4 f5 25. Nb5 Qg7 26. Bg5 Bf6 27. Rxe8+ Bxe8 28.
Bxf6 Qxf6 29. Qf3 Bxb5 30. Bxb5 Ne4 31. Rd1 d5 32. Qe3 f4 33. Qd4 Kg7 34. f3 Ng5 35.
Qa7 Qe7 36. Qxa5 Qc5+ 37. Kh1 Rd6 38. Qb4 Qxb4 39. cxb4 d4 40. Kg1 Nf7 41. Bd3 Ne5 42. Be4 Nc4 43. b3 Ne3 44. Rd3 b6 45. g3 g5 46. Kf2 Kf6 47. a5 b5 48. Bb7 Nc2 49. a6 Nxb4 50. Rxd4 Rxd4 51. a7 Rd2+ 52.
Ke1 Ra2 53. a8=Q Rxa8 54. Bxa8 Ke5 55. Kd2 Kd4 56. gxf4 gxf4 57. Be4 h6 58. Bb7 Nd3 59. Be4 b4 60. Bb7 Nc5 61. Bc8 Nxb3+ 62. Ke2 Nc5 63. Bf5 b3 64. Kd2 Nb7 65. Be4 Nd6 66. Bg6 Nc4+ 67.
Kc1 Kc3 68. Bf5 b2+ 69. Kb1 Nd2+ 70. Ka2 Nxf3 0-1

[Event "Late-Titled-Tuesday-Blitz-April-23-2024"]
[Site "Chess.com"]
[Date "2024.04.23"]
[Round "1"]
[White "js20000"]
[Black "1g60-1"]
[Result "1-0"]
[WhiteElo "2729"]
[BlackElo "2421"]
[TimeControl "180+1"]
[EndTime "14:08:38 PDT"]
[Termination "js20000 won by resignation"]

1. b3 f5 2. Bb2 Nf6 3. Bxf6 exf6 4. f4 a5 5. Nc3 Bc5 6. e3 O-O 7. Nf3 Nc6 8. Bd3 d5 9. Nxd5 a4 10. Nc3 a3 11. O-O Re8 12. Qe2 Nd4 13. Nxd4 Bxd4 14.
Bc4+ Kh8 15. Qd3 Bxc3 16. Qxc3 Qd6 17. Qd3 Qb6 18. Qd4 c5 19. Qd3 Rd8 20. Qe2 Be6 21.
Bxe6 Qxe6 22. Rfd1 Re8 23. Kf2 g5 24. Qf3 Rad8 25.
Kg1 b5 26. Qf2 g4 27. Rac1 Qe4 28. Re1 c4 29. bxc4 bxc4 30. Qh4 Rd6 31. d3 cxd3 32. cxd3 Qxd3 33. Rc7 Rd7 34. Qxf6+ Kg8 35. Qg5+ Kh8 36. Qf6+ Kg8 37. Rxd7 Qxd7 38. h3 Qd2 39. Qg5+ Kh8 40.
Qf6+ Kg8 41. Rb1 Qxe3+ 42. Kh1 g3 43. Qg5+ Kh8 44. Rf1 Qf2 45. Qf6+ Kg8 46. Qa1 Qb2 47. Qd1 Qxa2 48. Qd3 Qe2 49. Qxg3+ Kh8 50. Qc3+ Kg8 51. Ra1 a2 52. Qb3+ Kh8 53. Qxa2 Qxa2 54. Rxa2 Kg7 55. Kh2 Re4 56. Kg3 Kg6 57. Ra6+ Kg7 58. Kf3 Rb4 59.
Ra3 Rb2 60. g4 Kf6 61. Kg3 Rb5 62. Ra6+ Kf7 63. Kh4 Kg7 64. Re6 Kf7 65. Re3 Kg7 66.
Kg3 Kg6 67. Re5 Rxe5 68. fxe5 fxg4 69. hxg4 Kg5 70. Kf3 h6 71. Ke4 Kxg4 72. e6 1-0

[Event "Late-Titled-Tuesday-Blitz-April-23-2024"]
[Site "Chess.com"]
[Date "2024.04.23"]
[Round "1"]
[White "KorolDimitriy75"]
[Black "Hongjin"]
[Result "1/2-1/2"]
[WhiteElo "2345"]
[BlackElo "2638"]
[TimeControl "180+1"]
[EndTime "14:08:39 PDT"]
[Termination "Game drawn - insufficient material"]

1. d4 d6 2. Nf3 Nf6 3. c4 g6 4. Nc3 Bg7 5. e4 O-O 6. Be2 Bg4 7. Be3 Nc6 8. O-O Bxf3 9. Bxf3 e5 10. d5 Ne7 11. c5 Ne8 12. Qb3 b6 13. cxd6 Nxd6 14. Nb5 f5 15. Rac1 fxe4 16. Bxe4 Nxe4 17. d6+ Kh8 18. dxe7 Qxe7 19. Rxc7 Qh4 20. Rxa7 Rxa7 21. Nxa7 Bh6 22. Qxb6 Bf4 23. Bxf4 Qxf4 24. Qe3 Qf5 25. Nc6 Re8 26. Re1 Nf6 27. Nxe5 Kg7 28. h3 h5 29. a3 Re7 30. b4 Kh7 31. b5 Nd5 32. Qd4 Nf4 33. Re3 Qg5 34. g3 Ne6 35. Qe4 Ng7 36. h4 Qf6 37. Qf4 Nf5 38. Re1 Qe6 39.
a4 Qd6 40. a5 Nd4 41. Kh1 Qd5+ 42. Qe4 Rxe5 43. Qxd5 Rxd5 44. Rd1 Rxb5 45. Rxd4 Rxa5 46.
Rd7+ Kh6 47. Kg2 Ra3 48. Rf7 Rb3 49. Rf3 Rb4 50. Re3 Rc4 51. Re2 Rb4 52. Re3 Ra4 53. Re6 Ra5 54. Rd6 Rc5 55. Re6 Rc4 56. Rf6 Rc3 57. f4 Rc2+ 58. Kh3 Rc3 59. f5 Rf3 60. Rxg6+ Kh7 61. Rg5 Kh6 62. Kg2 Ra3 63. Rg6+ Kh7 64. Re6 Rb3 65. Re2 Kg7 66. Re6 Rb5 67. Rg6+ Kh7 68.
Rg5 Kh6 69. f6 Rb2+ 70. Kh3 Rb7 71. Rf5 Rf7 72. Rf4 Kg6 73. g4 hxg4+ 74. Kxg4 Rxf6 75. h5+ Kg7 76. Rxf6 Kxf6 77. h6 Kg6 78. h7 Kxh7 1/2-1/2

[Event "Late-Titled-Tuesday-Blitz-April-23-2024"]
[Site "Chess.com"]
[Date "2024.04.23"]
[Round "1"]
[White "DuleMudule"]
[Black "kylelancman"]
[Result "1-0"]
[WhiteElo "2819"]
[BlackElo "2478"]
[TimeControl "180+1"]
[EndTime "14:08:44 PDT"]
[Termination "DuleMudule won by resignation"]

1. d4 d5 2. Bg5 f6 3. Bh4 Nh6 4. e3 Nf5 5. Bd3 Be6 6. Bg3 Nd7 7. c3 g6 8. Nd2 Bg7 9. e4 dxe4 10. Nxe4 c5 11. dxc5 Qc8 12. b4 Nxg3 13. hxg3 f5 14. Ng5 Bxc3+ 15. Kf1 Bg8 16. Rb1 Qc7 17. Ne2 Bf6 18.
Nf3 e5 19. Bb5 O-O-O 20. Qc2 a6 21. Bc4 Bxc4 22. Qxc4 Kb8 23. Qf7 Rdf8 24. Qb3 Rd8 25.
Nc3 Qc6 26. Nd5 e4 27. Nxf6 Qxf6 28. Ne1 Ne5 29. b5 axb5 30. Qxb5 Qc6 31. Qb3 Rd2 32.
Qc3 Rd5 33. Nc2 Rxc5 34. Qb2 Rd8 35. Rxh7 Rd7 36. Rh8+ Ka7 37. Nd4 Qa6+ 38. Nb5+ Kb6 39. Kg1 Nc4 40. Qf6+ Rc6 41. Nd4+ Kc5 42. Nxc6 Qxc6 43.
Qf8+ Qd6 44. Qg8 e3 45. fxe3 Qxg3 46. Qf8+ Qd6 47. Qe8 Qd3 48. Rc1 b5 49. Qc8+ Kd5 50. Qa8+ Kc5 51. Rc8+ Kb4 52. a3+ Kb3 53. Re1 Qd2 54.
Kf1 Nxe3+ 55. Rxe3+ Qxe3 56. Qf3 Qxf3+ 57. gxf3 Kxa3 58.
Ke2 Rd6 59. Rb8 b4 60. Ra8+ Kb2 61.
Ra6 b3 62. Rxd6 Ka2 63. Rxg6 b2 64. Ra6+ Kb3 65. Rb6+ Kc2 66. Ke3 b1=Q 67. Rxb1 Kxb1 68. Kf4 Kc2 69. Kxf5 Kd3 70. f4 1-0

[Event "Late-Titled-Tuesday-Blitz-April-23-2024"]
[Site "Chess.com"]
[Date "2024.04.23"]
[Round "1"]
[White "yobdc"]
[Black "carloseduar100"]
[Result "1-0"]
[WhiteElo "2594"]
[BlackElo "2195"]
[TimeControl "180+1"]
[EndTime "14:08:50 PDT"]
[Termination "yobdc won by checkmate"]

1. d4 d5 2. Bf4 e6 3. e3 Bd6 4. Nd2 Nd7 5. Ngf3 Ngf6 6. Bd3 O-O 7. O-O Re8 8. Ne5 Nf8 9. h3 N6d7 10. c4 f6 11. Nxd7 Bxd7 12. Bxd6 cxd6 13. cxd5 exd5 14. Qb3 Bc6 15. Nb1 Qe7 16. Nc3 Qf7 17. Be2 Ng6 18.
Bf3 Ne7 19. Rac1 Red8 20. h4 a6 21. h5 g5 22. hxg6 hxg6 23. g3 Kg7 24. Kg2 Rh8 25.
Rh1 Rxh1 26. Rxh1 Rh8 27. Rxh8 Kxh8 28. Qb6 Kg7 29. a4 Qe6 30. b4 g5 31. b5 axb5 32. axb5 g4 33. Bd1 Bd7 34. Qxb7 Nc8 35. Qc7 Qe7 36. b6 Be6 37. Qxe7+ Nxe7 38. b7 Nc6 39. Ba4 Nb8 40. Bb5 Kf7 41. Ne2 Ke7 42. Nf4 Bf7 43. Be2 f5 44. Bd3 Kf6 45. Kf1 Ke7 46. Bxf5 Kd8 47.
Bxg4 Kc7 48. Bc8 Nc6 49. g4 Ne7 50. g5 Nxc8 51. bxc8=Q+ Kxc8 52. g6 Bg8 53. Nh5 Kd8 54. Nf6 Be6 55. g7 Ke7 56. g8=Q Bxg8 57. Nxg8+ Kf7 58.
Nh6+ Kg6 59. Ng4 Kf5 60. Nh2 Kg5 61. Ke2 Kh4 62. Nf3+ Kh3 63. Ne1 Kg4 64. Nd3 Kf5 65. Nf4 Ke4 66. f3+ Kf5 67. Kd3 Kg5 68. Nxd5 Kf5 69.
Nc3 Ke6 70. e4 d5 71. Nxd5 Kf7 72. Ne3 Ke6 73. f4 Kd7 74. f5 Ke7 75. e5 Kf7 76. Ke4 Ke7 77. d5 Kd7 78. d6 Ke8 79. Kd5 Kd8 80. e6 Ke8 81. Nc4 Kd8 82. Ne5 Ke8 83. Nc6 Kf8 84. f6 Kg8 85. d7 Kh7 86. d8=Q Kg6 87. e7 Kh7 88. e8=Q Kh6 89. f7 Kh7 90. Qh4+ Kg6 91. f8=Q# 1-0

[Event "Late-Titled-Tuesday-Blitz-April-23-2024"]
[Site "Chess.com"]
[Date "2024.04.23"]
[Round "1"]
[White "Evan_Attaker"]
[Black "expii"]
[Result "1/2-1/2"]
[WhiteElo "2575"]
[BlackElo "2188"]
[TimeControl "180+1"]
[EndTime "14:08:51 PDT"]
[Termination "Game drawn by agreement"]

1. Nf3 d5 2. c4 e6 3. g3 c5 4.
cxd5 exd5 5. Bg2 Nf6 6. O-O Nc6 7. d4 c4 8. Nc3 Be6 9. Ne5 Be7 10. b3 cxb3 11. Nxc6 bxc6 12. axb3 O-O 13. Ba3 Bxa3 14. Rxa3 Qd6 15. Ra4 Rfb8 16. Qc2 Rb6 17. Rfa1 Qc7 18. R4a3 Rb7 19. Na4 Nd7 20. Nc5 Nxc5 21. Qxc5 h6 22.
h4 a5 23. Rxa5 Rxa5 24. Rxa5 Rxb3 25. e4 Rb1+ 26. Kh2 dxe4 27. Bxe4 Rb8 28. Ra7 Qd8 29. Bxc6 Rc8 30. d5 Bd7 31. Qd6 Bxc6 32. Qxd8+ Rxd8 33. dxc6 Rc8 34. c7 Kf8 35. Kh3 Ke7 36. Kg4 Kd7 37.
Ra4 Rxc7 38. Re4 Rc6 39. f4 Rc5 40. f5 g6 41. Rf4 Ke7 42. h5 gxf5+ 43. Rxf5 Rc4+ 44.
Rf4 Rc5 45. Rf5 Rc4+ 46. Kh3 Ke6 47. g4 Rc3+ 48. Kh4 Rc1 49. Ra5 Rh1+ 50. Kg3 Rg1+ 51. Kh3 Rh1+ 52. Kg2 Rd1 53. Ra6+ Rd6 54. Ra5 Kf6 55. Kf3 Kg7 56. Kf4 Rb6 57. Ra4 Rf6+ 58. Kg3 Rb6 59. Ra2 Rf6 60. Rf2 Re6 61. Rf3 Rd6 62.
Rf4 Rc6 63. Re4 Rb6 64. Kf4 Rf6+ 65. Ke3 Rc6 66. Re5 Rb6 67. Kf4 Rb4+ 68. Kf5 Rb6 69. Rd5 Rf6+ 70. Ke4 Re6+ 71. Re5 Rb6 72. g5 hxg5 73.
Rxg5+ Kh6 74. Rf5 Rb4+ 75. Kf3 Rb3+ 76. Ke2 Rb2+ 77. Kd3 Rb3+ 78. Kc4 Rh3 79. Rxf7 Rxh5 80. Rf8 Kg6 81. Kd4 Rh4+ 82. Ke5 Rh7 83. Rf1 Re7+ 84. Kd6 Re2 85. Rg1+ Kh5 86. Kd5 Kh6 87. Kd4 Kh5 1/2-1/2

[Event "Late-Titled-Tuesday-Blitz-April-23-2024"]
[Site "Chess.com"]
[Date "2024.04.23"]
[Round "1"]
[White "Slovineanu"]
[Black "PepeCuenca"]
[Result "0-1"]
[WhiteElo "2472"]
[BlackElo "2816"]
[TimeControl "180+1"]
[EndTime "14:08:53 PDT"]
[Termination "PepeCuenca won by checkmate"]

1. d4 Nf6 2. Nf3 g6 3. Nbd2 d5 4. e3 Bg7 5. b4 a5 6. b5 c5 7. dxc5 Ne4 8. Ba3 Nxd2 9. Nxd2 Bxa1 10. Qxa1 O-O 11. c4 Be6 12. h4 h5 13. Qd4 dxc4 14.
Bxc4 Qxd4 15. exd4 Rd8 16. Bxe6 fxe6 17. Bb2 Nd7 18.
Nf3 a4 19. Ke2 Ra5 20. b6 e5 21. Rc1 exd4 22. Bxd4 Rc8 23. Nd2 e5 24. Be3 Nxb6 25. c6 Rxc6 26. Rxc6 bxc6 27. Bxb6 Rb5 28. Bc7 Rb2 29. a3 Ra2 30. Bd6 Kf7 31. Bc5 Ke6 32.
Kd3 Kd5 33. Ne4 Ra1 34. f3 Rd1+ 35. Ke2 Rh1 36. Be7 Kc4 37. Nd2+ Kc3 38. Bf6 Kb2 39.
Nc4+ Kb3 40. Nxe5 Kxa3 41. Nxc6 Kb3 42. Ne7 a3 43. Nxg6 a2 44. Ke3 Rb1 45. Nf4 Rb2 46.
Nd3 a1=Q 47. Bxb2 Qg1+ 48. Ke4 Qxg2 49. Bf6 Qe2+ 50. Kd4 Qxf3 51. Bg5 Qg4+ 52. Ke3 Qh3+ 53. Ke4 Kc4 54. Nf4 Qg4 55. Ke5 Kc5 56. Kf6 Kd6 57. Kg6 Ke5 58. Nxh5 Qf5+ 59. Kh6 Qf8+ 60. Ng7 Qh8+ 61.
Kg6 Qc8 62. h5 Qc2+ 63. Kh6 Qd3 64. Ne8 Qe4 65. Nf6 Qf5 66. Nh7 Qe6+ 67. Nf6 Kf5 68. Bh4 Qf7 69. Bg5 Ke6 70. Nh7 Kf5 71. Nf6 Qe6 72. Bh4 Qe3+ 73. Kg7 Qh3 74. Be1 Qf1 75. Bh4 Qh1 76. Bg3 Qg2 77. h6 Qxg3+ 78. Kh8 Kxf6 79. h7 Qg7# 0-1

[Event "Late-Titled-Tuesday-Blitz-April-23-2024"]
[Site "Chess.com"]
[Date "2024.04.23"]
[Round "1"]
[White "Akhayan"]
[Black "Hamisandwich"]
[Result "0-1"]
[WhiteElo "2417"]
[BlackElo "2725"]
[TimeControl "180+1"]
[EndTime "14:08:56 PDT"]
[Termination "Hamisandwich won on time"]

1. e4 e5 2. Bc4 Nf6 3. d3 c6 4. Nf3 d5 5. Bb3 Bb4+ 6. c3 Bd6 7.
exd5 cxd5 8. O-O O-O 9. Re1 Nc6 10. Bg5 Be6 11. Nbd2 h6 12. Bh4 Re8 13. Bg3 Qc7 14.
Ba4 Bf5 15. d4 e4 16. Bxd6 Qxd6 17. Ne5 Nxe5 18. dxe5 Qxe5 19. Bxe8 Rxe8 20. Nf1 Rc8 21. Qd2 Be6 22. Rad1 b6 23. a3 h5 24. Qe3 h4 25.
Qd4 Qg5 26. Qe3 Qf5 27. h3 Nh5 28. f3 Nf6 29. Nd2 exf3 30. Qxf3 Qg5 31. Qe3 Qh5 32. Qf3 Qg6 33. Kh1 Nh5 34. Nf1 Rc4 35. Rd4 Rxd4 36. cxd4 Nf6 37. Nd2 Bf5 38. Qf4 Qh5 39. Rf1 Be4 40. Nxe4 dxe4 41. Kh2 Qd5 42. Qe3 Qd6+ 43. Qf4 Qxd4 44. Re1 Qxb2 45. Qxh4 Qxa3 46. Qf4 Qe7 47. Qb8+ Kh7 48. Qf4 g6 49. Qh4+ Kg7 50. Qg3 b5 51. Qc3 b4 52. Qb2 a5 53. Rf1 Qd6+ 54. Kh1 a4 55. g4 a3 56. Qa1 g5 57. h4 Kg6 58.
hxg5 Kxg5 59. Qc1+ Kg6 60. Qe3 Qd3 61. Qf2 Qh3+ 62.
Kg1 Qxg4+ 63. Kh1 Qh5+ 64. Kg1 Qg5+ 65. Kh1 Qh6+ 66. Kg1 Kg7 67. Qd4 Qg5+ 68. Kh1 Qh4+ 69. Kg1 Kg6 70. Rf2 Ng4 71. Rg2 f5 72. Qd6+ Qf6 73.
Qf4 Qb6+ 74. Kh1 Qf6 75. Kg1 Qa1+ 0-1

[Event "Late-Titled-Tuesday-Blitz-April-23-2024"]
[Site "Chess.com"]
[Date "2024.04.23"]
[Round "1"]
[White "Smoking_Crow"]
[Black "leschebaza"]
[Result "0-1"]
[WhiteElo "2610"]
[BlackElo "2312"]
[TimeControl "180+1"]
[EndTime "14:09:01 PDT"]
[Termination "leschebaza won by checkmate"]

1. e4 e6 2. d4 d5 3. Nd2 c5 4.
exd5 Qxd5 5. Ngf3 cxd4 6. Bc4 Qd6 7. O-O Nf6 8. Nb3 Nc6 9. Nbxd4 Nxd4 10. Nxd4 Qc7 11.
Qe2 a6 12. Re1 Be7 13. Bg5 O-O 14. Bh4 Re8 15. Bg3 Qb6 16. c3 Bd7 17. Rad1 Rad8 18.
Bd3 Bd6 19. Bxd6 Qxd6 20. Nf3 Qc7 21. Ne5 Bc6 22. Bc2 h6 23. h3 Bd5 24. c4 Bc6 25. b3 Rxd1 26. Rxd1 Rd8 27. Re1 b5 28. Nxc6 Qxc6 29. cxb5 Qxb5 30. a4 Qb4 31. Rc1 a5 32.
Rd1 Rxd1+ 33. Qxd1 Nd5 34. Bd3 g6 35. g3 Qd4 36.
Qe2 Nc3 37. Qc2 h5 38. h4 e5 39. Kh2 e4 40. Bc4 Kg7 41. Kg2 e3 42. fxe3 Qxe3 43. Qb2 Qe4+ 44. Kh2 Qd4 45. Bf1 f6 46. Qc2 Ne4 47.
Bg2 Nc3 48. Qb2 g5 49. hxg5 fxg5 50. Qc1 Kg6 51. Qc2+ Kh6 52. Qc1 Qe5 53. Qf1 h4 54. Qf8+ Kg6 55. Qg8+ Kf6 56. Qf8+ Ke6 57. Qe8+ Kf6 58.
Qc6+ Kg7 59. Qb7+ Kh6 60. Qb6+ Kh5 61. Kh1 hxg3 62. Qg1 Ne2 63. Bf3+ g4 64. Bxe2 Qxe2 65. Qc5+ Kh4 66. Qg1 Qh2+ 67. Qxh2+ gxh2 68. Kxh2 g3+ 69. Kg2 Kg4 70. b4 axb4 71. a5 b3 72. a6 b2 73. a7 b1=Q 74. a8=Q Qc2+ 75. Kf1 Qf2# 0-1